 Dungeon Crawl Stone Soup version 0.18-a0-1799-g6250cb2 (webtiles) character file.

68723 Tarnath the Severer (level 14, -4/132 HPs)
             Began as a Minotaur Fighter on Apr 23, 2016.
             Was the Champion of the Shining One.
             Slain by a catoblepas (6 damage)
             ... on level 14 of the Dungeon.
             The game lasted 01:37:37 (20964 turns).

Tarnath the Severer (Minotaur Fighter)             Turns: 20964, Time: 01:37:38

Health: -4/132     AC: 27    Str: 24    XL:     14   Next: 87%
Magic:  17/20      EV:  2    Int:  5    God:    the Shining One [******]
Gold:   1227       SH:  0    Dex: 18    Spells: 0 memorised, 13 levels left

rFire  x . .     SeeInvis +     N - +10 executioner's axe of the Extremes {chop, rElec rF- rN++ MR+}
rCold  . . .     Gourm    .     D - +5 chain mail of Gimoh {Str+3}
rNeg   + + +     Faith    .     (shield currently unavailable)
rPois  ∞         Spirit   .     t - +1 hat {SInv}
rElec  +         Dismiss  .     B - +2 cloak
rCorr  .         Reflect  +     Q - +2 pair of gloves
SustAt .         Harm     .     k - +0 pair of boots
MR     ++...                    K - +5 amulet of reflection
Stlth  ..........               L - +3 ring of dexterity
                                e - +5 ring of evasion

@: divine shield, petrified, glowing, very resistant to hostile enchantments,
extremely unstealthy
A: retaliatory headbutt, horns 2
a: Divine Shield, Cleansing Flame, Summon Divine Warrior, Brand Weapon With Holy
Wrath, Renounce Religion


You were on level 14 of the Dungeon.
You worshipped the Shining One.
The Shining One was exalted by your worship.
You were not hungry.

You visited 2 branches of the dungeon, and saw 22 of its levels.
You also visited: Sewer.

You collected 1540 gold pieces.
You spent 313 gold pieces at shops.

Inventory:

Hand Weapons
 N - the +10 executioner's axe of the Extremes (weapon) {chop, rElec rF- rN++ MR+}
   (You acquired it on level 4 of the Lair of Beasts)

   It inflicts extra damage upon your enemies.
   It makes you vulnerable to fire.
   It insulates you from electricity.
   It greatly protects you from negative energy.
   It affects your resistance to hostile enchantments.
Armour
 k - a +0 pair of boots (worn)
 t - a +1 hat of see invisible (worn)
 B - a +2 cloak (worn)
 D - the +5 chain mail of Gimoh (worn) {Str+3}
   (You found it on level 12 of the Dungeon)

   It affects your strength (+3).
 Q - a +2 pair of gloves (worn)
Jewellery
 e - a +5 ring of evasion (left hand)
 y - an uncursed ring of poison resistance
 H - an uncursed ring of protection from fire
 K - a +5 amulet of reflection (around neck)
 L - a +3 ring of dexterity (right hand)
Wands
 l - a wand of iceblast (9/15)
 r - a wand of teleportation (4/9)
 G - a wand of slowing (14/48)
 M - a wand of disintegration (13/24)
 R - a wand of lightning (5/15)
 S - a wand of lightning (3/15)
Scrolls
 a - 5 scrolls of remove curse
 b - 2 scrolls of brand weapon
 g - 3 scrolls of magic mapping
 n - 3 scrolls of recharging
 x - 3 scrolls of enchant weapon
 A - a scroll of fear
 C - 2 scrolls of blinking
 F - 5 scrolls of teleportation
 J - 5 scrolls of enchant armour
Potions
 d - 4 potions of might
 i - 8 potions of flight
 j - 3 potions of haste
 m - 7 potions of curing
 p - a potion of lignification
 q - 2 potions of agility
 s - 2 potions of heal wounds
 v - a potion of cure mutation
 I - 4 potions of resistance
 O - a potion of cancellation
Comestibles
 c - 3 chunks of flesh
 f - 22 bread rations
 h - 12 beef jerkies
 o - 17 meat rations
 w - 18 royal jellies
 z - 42 fruits


   Skills:
 + Level 14.2 Fighting
 * Level 18.4 Axes
 + Level 14.0 Armour
   Level 11.0 Shields
 + Level 9.8 Invocations


You had 13 spell levels left.
You didn't know any spells.

Dungeon Overview and Level Annotations

Branches:
Dungeon (14/15)            Temple (0/1) D:4            Lair (8/8) D:8
 Shoals (0/4) Lair:3        Snake (0/4) Lair:4          Orc (0/2) D:11
  Slime: Lair:6-8    Vaults: D:13-14

Altars:
Ashenzari
Cheibriados
Dithmenos
Elyvilon
Gozag
Kikubaaqudgha
Nemelex Xobeh
Okawaru
Qazlal
Trog
Vehumet
Yredelemnul
The Shining One

Shops:
D:7 :   D:9 (   D:13 [

Annotations:
Lair:7 exclusion: oklob plant


Innate Abilities, Weirdness & Mutations

You reflexively headbutt those who attack you in melee.
You have a pair of horns on your head.


Message History

The catoblepas breathes a plume of calcifying dust at you.
The blast of calcifying dust hits you!
You are engulfed in calcifying dust.
The catoblepas breathes a plume of calcifying dust at you.
The blast of calcifying dust hits you!
Your limbs are stiffening.
You are engulfed in calcifying dust.
Your limbs have turned to stone.
You have turned to stone.
You are engulfed in calcifying dust.
The death knight's dark mirror aura disappears.
The catoblepas gores you but does no damage.
The catoblepas breathes a plume of calcifying dust at you.
The blast of calcifying dust hits you!
You are engulfed in calcifying dust.
The catoblepas gores you!!
* * * LOW HITPOINT WARNING * * *
You are engulfed in calcifying dust.
The catoblepas breathes a plume of calcifying dust at you.
The blast of calcifying dust hits you! The Shining One protects you from harm!
You are engulfed in calcifying dust.
The catoblepas gores you!
You die...

#>..........)......########.#.
##........<..........# .#
.#...................# #
..................#..#
>....#....(#.....##..#
##.#......#########..#
.#.##.....# #..#
>#.##.....##########.#
.#.###........pY@§§..#
.......############.....
...##### ... ..## # ..# ..#
#.# ###


You could see a death knight (petrifying) and a catoblepas.

Vanquished Creatures
  Rupert (D:13)
  Gastronok (D:12)
  Kirke (D:13)
  Nessos (D:13)
  Fannar (Lair:3)
  12 hydras
  The ghost of 4thArraOfDagon the Carver, a journeyman FoAM of Ru (D:8)
  2 centaur warriors (D:13)
  Erolcha (D:12)
  A shock serpent (Lair:4)
  An unseen horror (D:12)
  3 hill giants
  The ghost of 4thArraOfDagon the Arsonist, a novice DEFE of Vehumet (D:13)
  A deep elf mage (D:13)
  2 ugly things
  A manticore (D:12)
  2 griffons
  2 cyclopes (D:13)
  6 elephants
  3 black mambas
  A naga mage (Lair:4)
  19 spiny frogs
  3 rime drakes
  11 komodo dragons
  3 trolls
  2 spriggan druids (Lair:8)
  A queen bee (Lair:5)
  12 polar bears
  2 two-headed ogres
  A snapping turtle (Lair:3)
  A boulder beetle (Lair:8)
  7 blink frogs
  8 spriggans (Lair:8)
  A wraith (D:11)
  6 redbacks (Lair:8)
  A wyvern (D:9)
  A water elemental (D:13)
  24 yaks
  A steam dragon (D:11)
  2 hungry ghosts (D:13)
  5 hippogriffs
  2 vampire mosquitoes (D:13)
  2 mottled dragons
  19 water moccasins
  13 porcupines
  Duvessa (D:7)
  5 ice beasts
  6 black bears
  A sky beast (D:13)
  3 wasps
  A necrophage (D:5)
  11 orc warriors
  8 ogres
  39 wolves
  15 crocodiles
  12 centaurs
  A big kobold (Sewer)
  28 giant frogs
  A water moccasin zombie (D:11)
  A wyvern skeleton (D:12)
  30 killer bees
  5 jellies
  4 scorpions
  A water moccasin skeleton (D:9)
  Dowan (D:7)
  4 howler monkeys
  8 wights
  An electric eel (D:13)
  5 crimson imps
  A quasit (D:9)
  A wyvern simulacrum (D:13)
  A centaur skeleton (D:12)
  Crazy Yiuf (D:3)
  7 hounds
  14 orc priests
  12 iguanas
  13 orc wizards
  4 hell rats (Lair:7)
  10 worker ants
  11 sheep
  Robin (D:3)
  7 gnolls
  66 river rats
  7 adders
  2 shadow imps
  4 white imps (D:13)
  An adder zombie (D:8)
  4 worms
  6 dart slugs
  3 giant geckos
  69 orcs
  A ball python (D:2)
  5 bats
  5 giant cockroaches
  17 goblins
  11 hobgoblins
  17 jackals
  2 quokkas
  A giant cockroach zombie (D:6)
  8 giant newts
  4 kobolds
  2 quokka skeletons
  41 rats
  9 fungi
  A plant (Lair:5)
753 creatures vanquished.

Vanquished Creatures (others)
  3 elephants (Lair:7)
  A human (D:13)
  A centaur (D:13)
  A worker ant (D:13)
  24 fungi
30 creatures vanquished.

Grand Total: 783 creatures vanquished

Notes
Turn   | Place    | Note
--------------------------------------------------------------
     0 | D:1      | Tarnath the Minotaur Fighter began the quest for the Orb.
     0 | D:1      | Reached XP level 1. HP: 19/19 MP: 0/0
   451 | D:1      | Reached XP level 2. HP: 25/27 MP: 1/1
   596 | D:1      | Found a glowing golden altar of the Shining One.
   603 | D:1      | Became a worshipper of the Shining One
  1068 | D:2      | Reached skill level 3 in Axes
  1104 | D:2      | Reached XP level 3. HP: 32/33 MP: 2/2
  1189 | D:2      | Reached XP level 4. HP: 20/40 MP: 3/3
  1734 | D:3      | Reached skill level 4 in Axes
  1751 | D:3      | Found a basalt altar of Yredelemnul.
  2002 | D:3      | Noticed Crazy Yiuf
  2002 | D:3      | Reached * piety under the Shining One
  2010 | D:3      | Killed Crazy Yiuf
  2010 | D:3      | Reached XP level 5. HP: 20/47 MP: 1/4
  2218 | D:3      | Noticed Robin
  2237 | D:3      | Killed Robin
  2906 | D:4      | Got a bloodstained robe
  2917 | D:4      | Identified the +1 robe of the Guild-Master {*Corrode MR+ Dex+5} (You found it on level 4 of the Dungeon)
  2939 | D:4      | Found an opulent altar of Gozag.
  2962 | D:4      | Found a staircase to the Ecumenical Temple.
  3020 | D:4      | Found a white marble altar of Elyvilon.
  3087 | D:4      | Reached skill level 5 in Axes
  3096 | D:4      | Reached skill level 5 in Fighting
  3096 | D:4      | Reached XP level 6. HP: 52/56 MP: 5/5
  3151 | D:4      | Reached skill level 5 in Shields
  3523 | D:5      | Entered Level 5 of the Dungeon
  3532 | D:5      | Reached skill level 5 in Armour
  3563 | D:5      | Reached ** piety under the Shining One
  3569 | D:5      | Reached skill level 6 in Axes
  3569 | D:5      | Reached XP level 7. HP: 31/61 MP: 6/6
  3754 | D:5      | Found a bloodstained altar of Trog.
  3866 | D:5      | Found a glowing drain.
  3878 | Sewer    | Entered a sewer
  3948 | Sewer    | Found a white marble altar of Elyvilon.
  4079 | D:5      | Noticed a hippogriff
  4085 | D:5      | Killed a hippogriff
  4089 | D:5      | Reached skill level 7 in Axes
  4320 | D:5      | Reached XP level 8. HP: 49/71 MP: 7/7
  4576 | D:6      | Found an ancient bone altar of Kikubaaqudgha.
  4584 | D:6      | Reached skill level 1 in Invocations
  4637 | D:6      | Found a glowing golden altar of the Shining One.
  4649 | D:6      | Found a radiant altar of Vehumet.
  4651 | D:6      | Found a snail-covered altar of Cheibriados.
  4651 | D:6      | Found a shattered altar of Ashenzari.
  4935 | D:6      | Reached skill level 8 in Axes
  5354 | D:6      | Found a sparkling altar of Nemelex Xobeh.
  5538 | D:7      | Noticed a hill giant
  5545 | D:7      | Killed a hill giant
  5545 | D:7      | Reached skill level 9 in Axes
  5545 | D:7      | Reached XP level 9. HP: 68/79 MP: 8/10
  5744 | D:7      | Noticed Dowan
  5746 | D:7      | Noticed Duvessa
  5750 | D:7      | Killed Dowan
  5754 | D:7      | Killed Duvessa
  5824 | D:7      | Found Feumm's Book Shoppe.
  6008 | D:7      | Found an iron altar of Okawaru.
  6058 | D:8      | Found a staircase to the Lair.
  6166 | D:8      | Reached *** piety under the Shining One
  6177 | D:8      | Reached skill level 10 in Axes
  6201 | D:8      | Found a shadowy altar of Dithmenos.
  6410 | D:8      | Noticed 4thArraOfDagon's ghost (journeyman FoAM)
  6422 | D:8      | Killed 4thArraOfDagon's ghost
  6422 | D:8      | Reached XP level 10. HP: 84/89 MP: 12/12
  6839 | Lair:1   | Entered Level 1 of the Lair of Beasts
  6885 | Lair:1   | Reached skill level 11 in Axes
  7096 | Lair:1   | Noticed an eight-headed hydra
  7106 | Lair:1   | Killed a two-headed hydra
  7106 | Lair:1   | Reached skill level 5 in Invocations
  7270 | Lair:1   | Noticed a spiny frog
  7280 | Lair:1   | Killed a spiny frog
  7653 | Lair:1   | Noticed a spiny frog
  7658 | Lair:1   | Killed a spiny frog
  7658 | Lair:1   | Reached skill level 12 in Axes
  7901 | Lair:2   | Noticed a spiny frog
  7907 | Lair:2   | Killed a spiny frog
  7962 | Lair:2   | Reached XP level 11. HP: 61/97 MP: 13/13
  8282 | Lair:2   | Noticed a six-headed hydra
  8293 | Lair:2   | Killed a two-headed hydra
  8517 | Lair:2   | Reached skill level 10 in Armour
  8654 | Lair:3   | Noticed Fannar
  8673 | Lair:3   | Killed Fannar
  8673 | Lair:3   | Reached skill level 10 in Fighting
  8867 | Lair:3   | Noticed a six-headed hydra
  8877 | Lair:3   | Killed a one-headed hydra
  8877 | Lair:3   | Reached skill level 13 in Axes
  9154 | Lair:3   | Reached skill level 10 in Shields
  9841 | Lair:3   | Reached **** piety under the Shining One
  9987 | Lair:3   | Noticed a six-headed hydra
  9988 | Lair:3   | Noticed a six-headed hydra
 10020 | Lair:3   | Killed a one-headed hydra
 10039 | Lair:3   | Killed a one-headed hydra
 10039 | Lair:3   | Reached skill level 14 in Axes
 10039 | Lair:3   | Reached XP level 12. HP: 80/108 MP: 14/14
 10109 | Lair:3   | Found a staircase to the Shoals.
 10338 | Lair:4   | Found a staircase to the Snake Pit.
 10548 | Lair:4   | Noticed a five-headed hydra
 10554 | Lair:4   | Killed a one-headed hydra
 10787 | Lair:4   | Identified a scroll of acquirement
 10788 | Lair:4   | Got a faintly glowing executioner's axe
 10796 | Lair:4   | Identified the +10 executioner's axe of the Extremes {chop, rElec rF- rN++ MR+} (You acquired it on level 4 of the Lair of Beasts)
 11542 | Lair:5   | Reached skill level 15 in Axes
 12840 | Lair:6   | Noticed a seven-headed hydra
 12846 | Lair:6   | Killed a ten-headed hydra
 12846 | Lair:6   | Reached XP level 13. HP: 77/118 MP: 16/16
 13769 | Lair:7   | Reached ***** piety under the Shining One
 13782 | Lair:7   | Reached skill level 16 in Axes
 14249 | Lair:8   | Entered Level 8 of the Lair of Beasts
 15797 | Lair:8   | Reached skill level 17 in Axes
 16413 | Lair:8   | Reached XP level 14. HP: 59/129 MP: 19/19
 16983 | D:9      | Found Tanuat's Antique Weapon Shoppe.
 17073 | D:9      | Got a faintly glowing whip
 17074 | D:9      | Identified the cursed +1 whip of Boliocw {pain, rPois Dex-4 SInv} (You found it on level 9 of the Dungeon)
 17656 | D:10     | Entered Level 10 of the Dungeon
 18196 | D:11     | Found a snail-covered altar of Cheibriados.
 18314 | D:11     | Found a staircase to the Orcish Mines.
 19023 | D:12     | Got an ichor-stained chain mail
 19037 | D:12     | Identified the +5 chain mail of Gimoh {Str+3} (You found it on level 12 of the Dungeon)
 19097 | D:12     | Noticed Erolcha
 19103 | D:12     | Reached ****** piety under the Shining One
 19104 | D:12     | Killed Erolcha
 19155 | D:12     | Noticed Gastronok
 19166 | D:12     | Killed Gastronok
 19421 | D:13     | Noticed 4thArraOfDagon's ghost (novice DEFE)
 19427 | D:13     | Killed 4thArraOfDagon's ghost
 19553 | D:13     | Noticed Nessos
 19559 | D:13     | Killed Nessos
 19595 | D:13     | Found a stormy altar of Qazlal.
 19613 | D:13     | Reached skill level 18 in Axes
 20033 | D:13     | Noticed Rupert
 20045 | D:13     | Killed Rupert
 20306 | D:13     | Noticed Kirke
 20312 | D:13     | Killed Kirke
 20609 | D:13     | Found Waegheud's Antique Armour Shop.
 20614 | D:13     | Bought a pitted large shield for 313 gold pieces
 20625 | D:13     | Identified the +0 large shield "Ciujod" {+Inv rC+} (You bought it in a shop on level 13 of the Dungeon)
 20962 | D:14     | HP: 2/132 [catoblepas (9)]
 20963 | D:14     | The Shining One protects you from harm!
 20964 | D:14     | Slain by a catoblepas

Vault maps used:
D:1:      scummos_arrival_forest, serial_co_window_serial, co_window_corner_a,
          co_window_paths_a, co_window_paths_a, co_window_paths_b,
          co_window_paths_a, co_window_of_opportunity_a, co_window_2corner,
          co_window_of_opportunity_b, co_window_unsneaky_path_e,
          co_window_broadway_b, co_window_4corner_b, glass_columns_a,
          glass_columns_c, glass_columns_a, nrook_mini_backslash,
          roderic_roman_lattice, kennysheep_nondescript, tso_altar
D:2:      first_bread
D:3:      yredelemnul_altar_generic, minmay_rats_cheesy_pizza, uniq_robin,
          uniq_crazy_yiuf_cottage
D:4:      kennysheep_mini, minmay_temple_entry_overgrown, elyvilon_altar_1
D:5:      bloody_trog, portal_sewer_entry_d
D:6:      nemelex_deck, kiku_gazebo_pond_becter, grunt_temple_overflow_open
D:7:      nicolae_overflow_hidden_temple, serial_shops, shop, uniq_duvessa
D:8:      lair_0_dummy, basic_altar, grunt_ogre_cave
D:9:      serial_shops, shop
D:11:     david_orc_3, lemuel_tele_altar
D:12:     uniq_erolcha, uniq_gastronok
D:13:     serial_ice, serial_ice_i, serial_ice_e, serial_ice_f, serial_ice_h,
          serial_shops, nicolae_shop_waterfront, grunt_qazlal_clouds,
          uniq_rupert, uniq_nessos, uniq_kirke
D:14:     grunt_vaults_entry_tiered, special_room, minivault_27, kennysheep_dice
Lair:1:   hibernation_bobbens, lemuel_fruit_fields, lemuel_fruit_fields
Lair:2:   infiniplex_staircase_pool
Lair:3:   minmay_shoals_entry_hut, grunt_megastairs_5, lemuel_fruit_fields,
          serial_bayou_shore_b, uniq_fannar
Lair:4:   minmay_snake_entry_spellcaster
Lair:5:   special_room, bh_autumn_forest_stairs
Lair:7:   minmay_slime_entry_oklob_enclosed, minmay_holes,
          serial_bayou_crossing, grunt_megastairs_2, lemuel_fruit_tree
Lair:8:   minmay_lair_end_enchanted_forest
Sewer:    sewer_kobolds

Skill      XL: |  1  2  3  4  5  6  7  8  9 10 11 12 13 14 |
---------------+-------------------------------------------+-----
Fighting       | 4 5 6 7 8 9 10 12 13 14 | 14.2
Axes           | 3 4 5 6 7 9 10 12 14 15 17 18 | 18.4
Shields        | 4 5 7 9 10 11 | 11.0
Armour         | 4 5 6 7 8 9 10 12 13 14 | 14.0
Invocations    | 3 4 5 6 8 9 |  9.8

Action                   |  1- 3 |  4- 6 |  7- 9 | 10-12 | 13-15 || total
-------------------------+-------+-------+-------+-------+-------++-------
Melee: War axe           |    97 |   158 |   200 |   481 |       ||   936
       Headbutt          |    11 |    15 |    40 |   108 |    93 ||   267
       Executioner's axe |       |       |       |   130 |   551 ||   681
Invok: Divine Shield     |       |       |       |       |     1 ||     1
       Cleansing Flame   |       |       |       |       |     1 ||     1
Evoke: Wand              |       |       |       |       |     1 ||     1
  Use: Scroll            |       |    10 |    10 |    11 |     7 ||    38
       Potion            |       |       |       |       |     1 ||     1
  Eat: Chunk             |     1 |     8 |     9 |    21 |    25 ||    64
       Pizza             |       |       |       |       |     6 ||     6
Armor: Scale mail        |    49 |    54 |    32 |       |       ||   135
       Plate armour      |       |       |    43 |   264 |   297 ||   604
       Chain mail        |       |       |       |       |   105 ||   105
Dodge: Dodged            |    37 |    51 |    78 |   319 |   359 ||   844
Block: Shield            |    38 |    69 |   104 |   275 |       ||   486
       Other             |       |       |       |       |   150 ||   150
       Reflection        |       |       |       |       |    10 ||    10
